 Dungeon Crawl Stone Soup version 0.31.0-11-ge490571c62 (webtiles) character file.

Game seed: 14045829808088686776

3308 H0rd4k the Slicer (level 10, -5/83 HPs)
             Began as a Human Artificer on Feb 8, 2024.
             Was an Initiate of Gozag.
             Slain by a komodo dragon (25 damage)
             ... on level 8 of the Dungeon.
             The game lasted 00:13:01 (9071 turns).

H0rd4k the Slicer (Human Artificer)                 Turns: 9071, Time: 00:13:02

Health: -5/83      AC:  6    Str: 12    XL:     10   Next: 1%
Magic:  10/10      EV: 10    Int: 16    God:    Gozag
Gold:   958        SH:  0    Dex: 20    Spells: 9/9 levels left

rFire   . . .        x - +5 short sword
rCold   + . .        (no shield)
rNeg    + . .        l - +1 ring mail {rC+}
rPois   .            (no helmet)
rElec   .            (no cloak)
rCorr   .            (no gloves)
SInv    .            (no boots)
Will    .....        (no amulet)
Stlth   +            j - ring of positive energy
HPRegen 0.33/turn    o - +6 ring of dexterity
MPRegen 0.12/turn

%: no passive effects
@: about to teleport, gold aura
A: explore regen
a: Renounce Religion, Potion Petition, Call Merchant, Bribe Branch


You were on level 8 of the Dungeon.
You worshipped Gozag.
Gozag was pleased with you.
You visited 1 branch of the dungeon, and saw 8 of its levels.

You collected 1026 gold pieces.
You paid 68 gold pieces to Gozag.

Inventory:

Hand Weapons
 d - a +2 antimagic rapier
 q - a +2 dagger of protection
 u - a +1 hand axe of holy wrath
 x - a +5 short sword (weapon)
Missiles
 e - 9 datura-tipped darts
 g - 24 poisoned darts (quivered)
 A - a curare-tipped dart
 F - a throwing net
Armour
 l - a +1 ring mail of cold resistance (worn)
Jewellery
 c - a +5 ring of evasion
 j - a ring of positive energy (left hand)
 o - a +6 ring of dexterity (right hand)
 v - the Hermit's Pendant {Faith Invo=14 Evo=0 MP+5}
   (You found it on level 5 of the Dungeon)

   [amulet of faith]

   Invo=14: It sets your Invocations skill to 14.
   Evo=0: It sets your Evocations skill to 0.
   Faith:     It allows you to gain divine favour quickly.
   MP+5:      It affects your magic capacity (+5).
 C - a ring of protection from fire
 G - a ring of resist corrosion
Talismans
 w - a maw talisman
Wands
 s - a wand of polymorph (10)
 z - a wand of flame (11)
 B - a wand of mindburst (11)
Scrolls
 a - 2 scrolls of immolation
 f - 3 scrolls of noise
 h - 4 scrolls of enchant weapon
 m - 3 scrolls of poison
 p - 3 scrolls of teleportation
 r - a scroll of blinking
 y - a scroll of vulnerability {unknown}
 E - a scroll of fog
Potions
 b - a potion of heal wounds {unknown}
 i - 3 potions of mutation {unknown}
 k - a potion of ambrosia {unknown}
 n - a potion of haste {unknown}
 t - a potion of curing {unknown}
 D - a potion of attraction {unknown}
 H - a potion of enlightenment
 I - a potion of degeneration {unknown}


   Skills:
 + Level 9.0 Fighting
 + Level 9.9 Short Blades
 - Level 3.2 Throwing
 - Level 2.0 Armour
 - Level 1.0 Dodging
 - Level 1.0 Stealth
 - Level 3.0 Evocations


You had 9 spell levels left.
You didn't know any spells.
Your spell library contained the following spells:

 Spells                   Type           Power      Damage    Failure   Level
 Blink                    Tloc           0%         N/A       63%         2
 Ensorcelled Hibernation  Hex/Ice        0%         N/A       63%         2
 Lesser Beckoning         Tloc           0%         N/A       63%         2
 Momentum Strike          Conj/Tloc      0%         3d8       63%         2
 Scorch                   Fire           0%         2d5       63%         2
 Passwall                 Erth           0%         N/A       86%         3
 Swiftness                Air            0%         N/A       86%         3
 Flame Wave               Conj/Fire      0%         2d4       99%         4
 Iskenderun's Battlesphe  Conj           0%         2d6       100%        5
 Bombard                  Conj/Erth      0%         9d1       100%        6
 Summon Cactus Giant      Summ           0%         N/A       100%        6
 Spellforged Servitor     Conj/Summ      0%         N/A       100%        7


Dungeon Overview and Level Annotations

Branches:
Dungeon (8/15)             Temple (0/1) D:5
   Lair: D:8-11

Altars:
Cheibriados
Dithmenos
Gozag
Hepliaklqana
Nemelex Xobeh
Okawaru
Qazlal
Trog
Vehumet
Wu Jian
Yredelemnul

Shops:
D:4 [[[

Annotations:
D:5 exclusion: downstairs
D:6 exclusion: downstairs
D:8 Pikel


Innate Abilities, Weirdness & Mutations

You regain HP and MP as you explore.


Message History

Aiming: Mindburst
Press: ? - help, Shift-Dir - straight line, f/p - Prince Ribbit
Aim: Prince Ribbit (lightly wounded, chance to affect: 60%) Prince Ribbit's mind is blasted!!
Prince Ribbit is distracted by your dazzling golden aura.
The lemure hits you but does no damage.
Unknown command.
Aiming: Mindburst
Press: ? - help, Shift-Dir - straight line, f/p - Prince Ribbit
Aim: Prince Ribbit (almost dead, chance to affect: 60%) Prince Ribbit is no longer distracted by gold.
Prince Ribbit's mind is blasted!!
You blow up Prince Ribbit!
A lemure comes into view.
The lemure hits you.
Your Fighting skill increases to level 9!
You have reached level 10!
Saving game... please wait.
Level annotation: Pikel Welcome back, H0rd4k the Human Artificer.
Gozag says: Greed is good.
Press ? for a list of commands and other information.
As you read the scroll of teleportation, it crumbles to dust.
You feel strangely unstable.
The komodo dragon is no longer distracted by gold.
The lemure hits you.
You hit the komodo dragon but do no damage.
You hit the komodo dragon.
The komodo dragon is lightly wounded.
The komodo dragon bites you!
* * * LOW HITPOINT WARNING * * *
The lemure barely misses you.
You puncture the komodo dragon!
The komodo dragon is moderately wounded.
You barely miss the komodo dragon.
You punch the komodo dragon, but do no damage.
The komodo dragon is moderately wounded.
The komodo dragon bites you!!
You die...
Your body crumbles into a pile of gold.

#5.# 5. ##K# .#
#.# K# #.# .. #.#
## #####(#
#.....#
##########.#####
#.@l5..5...#
#5##K......#
#....5..P....#
#.......P.....#
#..P.......P.P.#
#...P.P.P.......#
#..P/..####P.P..#
#..PP..# +.....#
##.P...# P.


You could see a komodo dragon, Pikel and 3 lemures.

Vanquished Creatures
  Prince Ribbit (D:8)
  Sigmund (D:5)
  2 water moccasins
  3 black bears
  2 sky beasts
  An ice beast (D:6)
  An ogre (D:5)
  3 centaurs
  A kobold brigand (D:5)
  3 phantoms
  2 bullfrogs (D:8)
  A weeping skull (D:6)
  7 wights (D:7)
  A scorpion (D:6)
  A howler monkey (D:6)
  5 hounds
  A bombardier beetle (D:5)
  2 jellies
  A gnoll bouda (D:6)
  2 orc priests
  A sleepcap (D:4)
  2 iguanas (D:5)
  An orc wizard (D:3)
  10 adders
  6 gnolls
  A white imp (D:7)
  2 ufetubi (D:5)
  4 dart slugs
  4 ribbon worms
  14 orcs
  8 endoplasms
  7 giant cockroaches
  11 goblins
  4 hobgoblins
  8 jackals
  2 quokkas (D:1)
  8 ball pythons
  4 bats
  7 frilled lizards
  13 kobolds
  6 rats
  A spectral orc (D:6)
165 creatures vanquished.

Vanquished Creatures (collateral kills)
  An ogre (D:7)
  A kobold brigand (D:7)
  A wight (D:7)
  A gnoll bouda (D:7)
  2 gnolls (D:7)
  A dart slug (D:5)
7 creatures vanquished.

Vanquished Creatures (others)
  An orc warrior (D:7)
  A sky beast (D:5)
  2 wights (D:7)
  An orc wizard (D:3)
5 creatures vanquished.

Grand Total: 177 creatures vanquished

Notes
Turn   | Place    | Note
-------+----------+-------------------------------------------
     0 | D:1      | H0rd4k the Human Artificer began the quest for the Orb.
     0 | D:1      | Reached XP level 1. HP: 15/15 MP: 1/1
   141 | D:1      | Reached XP level 2. HP: 3/22 MP: 2/2
   141 | D:1      | HP: 1/22 [jackal (2)]
   561 | D:1      | Reached XP level 3. HP: 21/28 MP: 3/3
  1266 | D:2      | Found a faded altar of an unknown god.
  1565 | D:2      | Reached XP level 4. HP: 19/37 MP: 4/4
  2241 | D:3      | Found a stormy altar of Qazlal.
  2279 | D:3      | Reached skill level 1 in Short Blades
  2279 | D:3      | Reached XP level 5. HP: 43/43 MP: 5/5
  2347 | D:3      | Found an iron altar of Okawaru.
  2428 | D:3      | Identified the +7 mace of Wasy {flame, Will+ Str+3}
  2849 | D:4      | Found Fafola Micro's Armour Shop.
  2851 | D:4      | Found Mathrofota's Armour Emporium.
  2851 | D:4      | Noticed an animated storm dragon scales
  2867 | D:4      | You fall into a shaft and drop 1 floor!
  2867 | D:5      | Entered Level 5 of the Dungeon
  3064 | D:4      | Found Vevaimmulu's Antique Armour Shoppe.
  3088 | D:4      | Noticed a phantom
  3092 | D:4      | Killed a phantom
  3093 | D:4      | Reached skill level 5 in Fighting
  3093 | D:4      | Reached XP level 6. HP: 51/51 MP: 6/6
  3225 | D:4      | Noticed an animated shadow dragon scales
  3364 | D:4      | Found an opulent altar of Gozag.
  3373 | D:4      | Became a worshipper of Gozag Ym Sagoz the Greedy
  4155 | D:4      | Reached XP level 7. HP: 57/57 MP: 7/7
  4291 | D:5      | Noticed Sigmund
  4301 | D:5      | Killed Sigmund
  4315 | D:5      | Reached skill level 5 in Short Blades
  4377 | D:5      | Found a shadowy altar of Dithmenos.
  4377 | D:5      | Found a hazy altar of Hepliaklqana.
  4380 | D:5      | Noticed a shadow
  4669 | D:5      | Found the Hermit's Pendant {Faith Invo=14 Evo=0 MP+5}
  4689 | D:5      | Reached XP level 8. HP: 54/65 MP: 8/8
  4760 | D:5      | Reached skill level 1 in Throwing
  4798 | D:5      | Found an ornate altar of the Wu Jian Council.
  4857 | D:5      | Found a snail-covered altar of Cheibriados.
  5518 | D:5      | Found a staircase to the Ecumenical Temple.
  6823 | D:6      | Reached XP level 9. HP: 50/72 MP: 9/9
  7049 | D:6      | Found a radiant altar of Vehumet.
  7230 | D:6      | Found a basalt altar of Yredelemnul.
  7885 | D:7      | Found a bloodstained altar of Trog.
  8265 | D:7      | Found a sparkling altar of Nemelex Xobeh.
  9038 | D:8      | Noticed Pikel
  9051 | D:8      | Noticed a komodo dragon
  9052 | D:8      | Noticed an elephant
  9055 | D:8      | Noticed Prince Ribbit
  9066 | D:8      | Killed Prince Ribbit
  9067 | D:8      | Reached XP level 10. HP: 41/83 MP: 10/10
  9071 | D:8      | Slain by a komodo dragon

Illustrated notes

Levels and vault maps discovered:
D:1:      dpeg_arrival_rooms_b, layout_rooms, minivault_24
D:2:      layout_loops_corners, hellmonk_ecumenical_altar_prayer_group,
          minmay_pentomino_q2
D:3:      layout_basic, kennysheep_okawaru_gauntlet,
          nicolae_qazlal_general_emergency, hangedman_abyss_or_decor_stabs
D:4:      minmay_inner_zag, layout_cave_pods, mainiacjoe_overflow_alcove_1,
          serial_shops, shop, nicolae_shop_mannequins, shop_fountains,
          st_stairs_12, minmay_misc_feat_columns
D:5:      layout_basic, riverfiend_overflow_shadow_ancestor, kennysheep_mini,
          kennysheep_slug_shrine, minmay_temple_entry_proselytizer,
          kennysheep_opposing_triangles, uniq_sigmund
D:6:      layout_rooms, vehumet_altar_wand_db,
          yredelemnul_forgotten_temple_becter, minmay_door_square
D:7:      layout_basic, trog_antimagical, nemelex_spade_bored_becter
D:8:      layout_loops_ring, grunt_lair_entry_orc_guard_hut, serial_aquarium,
          aquarium_bridge_long_joined [aquarium_subvault_bridge,
          aquarium_subvault_wall, aquarium_subvault_window,
          aquarium_subvault_balcony, aquarium_subvault_wall,
          aquarium_subvault_bridge], aquarium_window_fake, aquarium_window_fake,
          aquarium_window_corridor_3, aquarium_window_double, aquarium_view_2b,
          aquarium_balcony_3a, uniq_pikel, uniq_grum, uniq_erica, uniq_maurice,
          uniq_prince_ribbit1

Skill      XL: |  1  2  3  4  5  6  7  8  9 |
---------------+----------------------------+-----
Fighting       | 2 3 4 5 6 7 9 |  9.0
Short Blades   | 1 2 3 5 7 9 |  9.9
Throwing       | 2 3 |  3.2
Armour         | |  2.0
Dodging        | |  1.0
Stealth        | |  1.0
Evocations     | |  3.0

Action                     |  1- 3 |  4- 6 |  7- 9 | 10-12 || total
---------------------------+-------+-------+-------+-------++-------
  Melee: Club              |   215 |       |       |       ||   215
         Punch             |     2 |     5 |     7 |     1 ||    15
         Dagger            |       |   199 |   203 |       ||   402
         Short sword       |       |       |   230 |     4 ||   234
  Throw: Dart              |       |       |    34 |       ||    34
  Evoke: Wand              |     4 |    24 |    11 |       ||    39
    Use: Scroll            |       |       |     9 |     1 ||    10
   Stab: Sleeping          |     6 |     3 |       |       ||     9
         Distracted        |       |     1 |     1 |       ||     2
 Armour: Leather armour    |   153 |   136 |   101 |       ||   390
         Ring mail         |       |       |   185 |     3 ||   188
  Dodge: Dodged            |   184 |   113 |   194 |     1 ||   492
